 Dungeon Crawl Stone Soup version 0.19.4-10-g532645f (webtiles) character file.

669 galech the Shield-Bearer (level 7, -3/44 HPs)
             Began as a Gargoyle Fighter on Feb 23, 2017.
             Killed by divine providence
             ... invoked by an orc priest
              (10 damage)
             ... on level 5 of the Dungeon.
             The game lasted 00:11:25 (3943 turns).

galech the Shield-Bearer (Gargoyle Fighter)         Turns: 3943, Time: 00:11:26

Health: -3/44      AC: 12    Str: 20    XL:     7   Next: 58%
Magic:  16/16      EV:  8    Int:  6    God:
Gold:   194        SH:  9    Dex:  7    Spells: 0 memorised, 6 levels left

rFire  . . .     SeeInvis .     a - +0 flail
rCold  . . .     Gourm    .     b - +0 scale mail
rNeg   + . .     Faith    .     c - +0 shield
rPois  ∞         Spirit   .     (no helmet)
rElec  +         Reflect  .     (no cloak)
rCorr  .         Harm     .     (no gloves)
MR     .....                    (no boots)
Stlth  ..........               (no amulet)
                                (no ring)
                                j - ring of magical power

@: no status effects
A: clumsy 1, dopey 1, negative energy resistance 1, electricity resistance, weak
1, unbreathing, petrification resistance, rot immunity, AC +4
a: no special abilities


You were on level 5 of the Dungeon.
You were hungry.

You visited 1 branch of the dungeon, and saw 5 of its levels.
You also visited: Sewer.

You collected 194 gold pieces.

Inventory:

Hand Weapons
 a - a +0 flail (weapon)
Armour
 b - a +0 scale mail (worn)
 c - a +0 shield (worn)
Jewellery
 j - a ring of magical power (left hand)
Wands
 u - a wand of flame (27/48)
Scrolls
 e - a scroll of enchant weapon
 g - 2 scrolls of immolation
 h - a scroll of amnesia
 q - 3 scrolls of teleportation
 v - a scroll of magic mapping
 w - 2 scrolls of remove curse
Potions
 d - a potion of might
 i - 3 potions of heal wounds {unknown}
 k - 2 potions of flight {unknown}
 l - a potion of resistance {unknown}
 m - 2 potions of curing {unknown}
 r - a potion of haste
Comestibles
 f - 2 bread rations
 n - 2 chunks of flesh
 t - 2 meat rations


   Skills:
 + Level 4.5 Fighting
 + Level 5.1 Maces & Flails
 + Level 4.9 Armour
 + Level 1.4 Dodging
 + Level 0.2 Stealth
 + Level 5.5 Shields


You had 6 spell levels left.
You didn't know any spells.

Dungeon Overview and Level Annotations

Branches:
Dungeon (5/15)
 Temple: D:4-7

Altars:
Fedhas
Gozag
Makhleb

Shops:
D:2 *


Innate Abilities, Weirdness & Mutations

You are resistant to torment.
Your stone body is resilient. (AC +4)
You are immune to poison.
You resist negative energy. (rN+)
You are resistant to electric shocks. (rElec)
You can survive without breathing.
You are immune to petrification.
You are immune to rotting.
You are clumsy. (Dex -2)
You are dopey. (Int -2)
You are weak. (Str -2)


Message History

You are too injured to fight recklessly!
You are too injured to fight recklessly!
You are too injured to fight recklessly!
You are too injured to fight recklessly!
You are too injured to fight recklessly!
You are too injured to fight recklessly!
You hit the orc priest.
The orc priest is heavily wounded.
The orc priest hits you but does no damage.
You closely miss the orc priest.
The orc priest is heavily wounded.
The orc priest miscasts a cantrip.
You hit the orc priest but do no damage.
The orc priest is heavily wounded.
The orc priest looks satisfied for a moment.
You hit the orc priest.
The orc priest is severely wounded.
The orc priest mumbles some strange prayers to Beogh against you.
Beogh smites you!
You die...

# #≈.♣.♣.≈####.# ##.
#≈..♣..≈# ##.#
###..##≈≈≈.≈≈≈###..#
#...o.####'#####...####
...o..................+
....##.########...####
. #.# ##..# #o# ##.#
#@# #.# #>......# #.#
.###.#### #.# # #.# #.#
#.##### #.##... #......
####.##


You could see an orc priest.

Vanquished Creatures
  A centaur (D:4)
  A big kobold (Sewer)
  A bullfrog (D:5)
  An orc priest (D:4)
  5 orc wizards
  2 worker ants (D:4)
  Ijyb (D:3)
  A hound skeleton (D:4)
  6 adders
  4 river rats
  3 oozes
  2 worms (D:3)
  2 dart slugs
  7 leopard geckos
  16 orcs
  4 ball pythons
  6 bats
  A giant cockroach (D:4)
  9 goblins
  6 hobgoblins
  2 jackals (Sewer)
  11 kobolds
  4 quokkas
  2 frilled lizards
  A jackal zombie (D:4)
  6 rats
105 creatures vanquished.

Notes
Turn   | Place    | Note
-------+----------+-------------------------------------------
     0 | D:1      | galech the Gargoyle Fighter began the quest for the Orb.
     0 | D:1      | Reached XP level 1. HP: 14/14 MP: 1/1
   252 | D:1      | Reached XP level 2. HP: 18/19 MP: 2/2
   474 | D:1      | You fall through a shaft!
   474 | D:2      | Found Gozag's Platinum Reserve.
   474 | D:2      | Found an opulent altar of Gozag.
   476 | D:2      | Reached XP level 3. HP: 21/23 MP: 3/3
   852 | D:2      | Found a burning altar of Makhleb.
  1163 | D:2      | Reached XP level 4. HP: 25/28 MP: 4/4
  1809 | D:3      | Found a glowing drain.
  1841 | D:3      | Reached XP level 5. HP: 6/33 MP: 5/5
  1914 | Sewer    | Entered a sewer
  2162 | Sewer    | Noticed a big kobold
  2203 | Sewer    | Killed a big kobold
  2218 | Sewer    | Reached XP level 6. HP: 38/38 MP: 6/6
  2253 | Sewer    | Found a white marble altar of Elyvilon.
  2575 | D:3      | Noticed Ijyb
  2580 | D:3      | Killed Ijyb
  3195 | D:4      | Found a blossoming altar of Fedhas.
  3207 | D:4      | Reached skill level 1 in Dodging
  3207 | D:4      | Reached skill level 5 in Shields
  3210 | D:4      | Reached XP level 7. HP: 28/44 MP: 7/7
  3802 | D:5      | Entered Level 5 of the Dungeon
  3858 | D:5      | Gained mutation: You are dopey. (Int -2) [potion of mutation]
  3858 | D:5      | Gained mutation: You are clumsy. (Dex -2) [potion of mutation]
  3858 | D:5      | Gained mutation: You are weak. (Str -2) [potion of mutation]
  3898 | D:5      | Reached skill level 5 in Maces & Flails
  3943 | D:5      | Killed from afar by an orc priest

Skill      XL: |  1  2  3  4  5  6  7 |
---------------+----------------------+-----
Shields        | 4 5 |  5.5
Maces & Flails | 3 4 5 |  5.1
Armour         | 4 |  4.9
Fighting       | 4 |  4.5
Dodging        | 1 |  1.4
Stealth        | |  0.2

Action                   |  1- 3 |  4- 6 |  7- 9 || total
-------------------------+-------+-------+-------++-------
Melee: Flail             |   115 |   372 |   110 ||   597
  Use: Scroll            |       |     7 |     4 ||    11
       Potion            |       |     3 |     2 ||     5
  Eat: Chunk             |     1 |     8 |     2 ||    11
Armor: Scale mail        |    48 |    35 |    19 ||   102
       Chain mail        |       |   198 |   106 ||   304
Dodge: Dodged            |    44 |    73 |    55 ||   172
Block: Shield            |    58 |   194 |    66 ||   318
